Map: Lost and Found LE

Players

liquidthermy (uThermal)

  • Race: Terran Terran
  • League: Master
  • Spawn Location: 1:00

Reynor - Winner!

  • Race: Zerg Zerg
  • League: Master
  • Spawn Location: 7:00

Event: HomeStory Cup XVIII

VOD

Have the link to the VOD?

Description

Time

  • Played on: Nov. 24, 2018, 8:35 a.m.
  • Length: 18:06

All games in this series

Show
View Real Time Build Order
Export as new Build Order

liquidthermy Terran 

Build Orders: Hellion Opening, Reaper Expand 

Get SALT Encoding   

  12  0:01  SCV  
  13  0:13  SCV  
  14  0:17  Supply Depot  
  14  0:25  SCV  
  15  0:38  SCV  
  15  0:40  Barracks  
  16  0:43  Refinery  
  16  0:50  SCV  
  17  1:03  SCV  
  18  1:15  SCV  
  19  1:28  Reaper, Orbital Command  
  20  1:39  Command Center  
  20  1:48  Supply Depot  
  20  1:53  SCV  
  21  1:59  Marine  
  22  2:03  Factory  
  22  2:06  SCV  
  23  2:11  Refinery  
  23  2:18  SCV  
  23  2:20  Barracks Reactor  
  24  2:30  SCV  
  25  2:42  SCV  
  26  2:48  Starport  
  26  2:51  Orbital Command  
  26  2:54  SCV  
  27  3:00  Hellion x2  
  27  3:02  Barracks Tech Lab  
  31  3:05  Supply Depot  
  31  3:06  SCV  
  32  3:17  SCV  
  32  3:18  SCV  
  34  3:21  Hellion  
  34  3:22  Hellion  
  34  3:26  Viking  
  40  3:29  SCV  
  40  3:30  SCV  
  42  3:35  Fusion Core  
  42  3:42  SCV x2  
  42  3:45  Supply Depot  
  42  3:47  Hellion  
  46  3:52  Hellion  
  48  3:58  SCV x2  
  50  4:08  Supply Depot, Hellion  
  52  4:11  SCV x2  
  52  4:13  Hellion  
  55  4:23  SCV x2  
  57  4:28  Supply Depot  
  57  4:29  Battlecruiser  
  63  4:32  Hellion  
  63  4:35  Hellion, SCV  
  68  4:44  SCV  
  69  4:49  Armory  
  69  4:54  Command Center  
  69  4:56  Hellion  
  69  4:57  Hellion  
  73  5:00  Supply Depot  
  73  5:02  Refinery  
  73  5:05  SCV  
  73  5:06  Refinery, SCV  
  75  5:17  Hellion, SCV  
  78  5:21  SCV  
  78  5:22  Hellion  
  78  5:24  Supply Depot  
  81  5:30  Barracks Tech Lab  
  81  5:33  Factory  
  81  5:34  Factory  
  81  5:35  SCV x2  
  83  5:39  Hellion  
  85  5:47  SCV  
  85  5:48  SCV  
  81  5:58  Hellion  
  81  5:59  SCV  
  81  6:00  Hellion, SCV  
  87  6:08  Orbital Command  
  87  6:11  SCV  
  75  6:13  Battlecruiser, SCV  
  76  6:21  Barracks Tech Lab  
  76  6:23  Factory Tech Lab, SCV  
  76  6:24  Hellion x2  
  82  6:25  SCV  
  82  6:26  Supply Depot  
  82  6:28  Terran Vehicle And Ship Armor Level 1  
  82  6:31  Orbital Command  
  80  6:35  SCV  
  82  6:40  SCV  
  82  6:42  Cyclone x2  
  82  6:46  Mag-Field Accelerator  
  84  6:48  SCV  
  84  6:50  Refinery  
  84  6:52  Refinery, SCV  
  84  6:53  Supply Depot  
  86  6:54  Infernal Pre-Igniter  
  86  6:57  Hellion  
  86  6:58  Hellion  
  90  7:03  SCV x2  
  90  7:07  Supply Depot, SCV  
  93  7:15  Cyclone x2, SCV  
  100  7:18  Hellion  
  100  7:19  SCV  
  100  7:22  Supply Depot, SCV  
  103  7:27  SCV  
  103  7:29  Hellion  
  106  7:31  Cloaking Field, Banshee, SCV  
  106  7:32  Hellion x4  
  106  7:34  SCV  
  111  7:39  Supply Depot  
  111  7:40  Supply Depot  
  111  7:47  Cyclone x2  
  111  7:48  Supply Depot  
  111  7:49  SCV  
  111  7:50  Supply Depot  
  118  7:52  SCV  
  118  7:55  Hellion x2  
  118  7:56  SCV  
  124  8:03  Starport  
  124  8:04  Starport  
  124  8:16  Banshee  
  124  8:18  SCV  
  119  8:28  Hellion, Cyclone  
  119  8:29  Hellion  
  116  8:37  Command Center  
  116  8:41  Starport Tech Lab x2  
  114  8:49  Cyclone  
  114  8:52  Hellion x2  
  118  8:59  Banshee  
  118  9:00  Command Center  
  118  9:01  Hyperflight Rotors, Banshee x2  
  118  9:02  Command Center  
  127  9:05  Hellion  
  127  9:09  Engineering Bay  
  129  9:11  Factory  
  129  9:14  Hellion  
  131  9:17  Factory  
  131  9:22  Hellion x2  
  129  9:31  Hellion  
  113  9:39  Hellion  
  113  9:43  Cyclone  
  113  9:44  Hellion  
  114  9:46  SCV x3  
  114  9:53  Siege Tank  
  114  9:54  Supply Depot  
  114  9:58  SCV x3  
  126  10:02  Battlecruiser  
  122  10:10  Battlecruiser, SCV, Factory Tech Lab  
  122  10:11  SCV  
  130  10:15  Orbital Command  
  130  10:16  SCV  
  131  10:28  Planetary Fortress  
  131  10:29  Refinery  
  131  10:30  Refinery  
  131  10:31  Orbital Command  
  131  10:36  SCV  
  132  10:43  Battlecruiser  
  132  10:44  SCV x2  
  132  10:48  Cyclone x2  
  132  10:49  Hellion  
  148  10:50  SCV  
  148  10:51  Supply Depot  
  149  11:02  Hellion  
  151  11:04  SCV  
  148  11:11  Battlecruiser  
  148  11:13  Terran Ship Weapons Level 1  
  148  11:14  Hellion  
  148  11:17  Hellion x5  
  152  11:21  Command Center  
  152  11:22  Missile Turret  
  152  11:24  Missile Turret  
  152  11:27  Missile Turret  
  152  11:31  Battlecruiser  
  158  11:35  Cyclone  
  156  11:40  Hellion x2  
  156  11:42  Cyclone  
  156  11:45  Cyclone  
  162  11:47  Missile Turret  
  162  11:48  Missile Turret  
  162  11:50  Cyclone  
  158  12:07  Cyclone  
  156  12:14  Cyclone  
  144  12:17  Cyclone, Liberator x2  
  144  12:20  Hellion  
  144  12:22  Cyclone  
  147  12:23  Orbital Command  
  147  12:26  Supply Depot  
  147  12:27  Supply Depot  
  147  12:28  Supply Depot  
  147  12:29  Supply Depot x2  
  147  12:33  Hellion  
  155  12:39  Cyclone  
  155  12:40  Orbital Command  
  155  12:41  Hellion  
  160  12:48  Cyclone  
  163  12:56  Cyclone  
  162  13:04  Cyclone  
  162  13:05  Hellion  
  152  13:14  Cyclone  
  152  13:15  SCV  
  152  13:17  SCV  
  157  13:21  Cyclone  
  160  13:28  Cyclone  
  160  13:29  Hellion x2, SCV  
  160  13:30  SCV  
  169  13:36  Cyclone  
  171  13:46  Cyclone  
  171  13:48  SCV  
  172  13:51  Hellion x2, SCV  
  172  13:52  Missile Turret  
  172  13:53  Missile Turret, Cyclone  
  180  14:00  Cyclone, Terran Vehicle And Ship Armor Level 2  
  183  14:08  Siege Tank  
  185  14:18  Cyclone  
  161  14:25  Battlecruiser  
  161  14:26  Cyclone  
  134  14:32  Cyclone  
  122  14:40  Cyclone  
  116  14:50  Cyclone  
  109  14:58  Cyclone  
  108  15:04  Cyclone  
  108  15:05  Hellion  
  113  15:09  SCV x2  
  113  15:10  SCV  
  113  15:13  Cyclone  
  119  15:16  Orbital Command  
  116  15:22  Missile Turret, Cyclone  
  116  15:23  Orbital Command  
  119  15:30  Cyclone  
  116  15:45  Cyclone  
  116  15:48  Hellion x2  
  116  15:49  SCV  
  121  15:52  SCV  
  121  15:54  Cyclone  
  121  15:55  SCV  
  91  16:14  Orbital Command  
  91  16:17  Cyclone  
  94  16:26  Cyclone  
  97  16:33  Refinery x2  
  97  16:41  SCV x3  
  98  16:49  Cyclone  
  98  16:53  SCV x3  
  98  16:54  Cyclone  
  107  16:57  Refinery  
  107  17:00  Refinery  
  107  17:05  SCV x3  
  110  17:11  Cyclone  
  110  17:21  Cyclone  
  113  17:23  Command Center  
  113  17:26  Command Center  
  113  17:30  Missile Turret  
  113  17:31  Cyclone  
Show
View Real Time Build Order
Export as new Build Order

Reynor Zerg - Winner!

Build Orders: Hatch First 

Get SALT Encoding   

  12  0:00  Drone  
  13  0:13  Overlord  
  13  0:17  Drone  
  14  0:32  Drone x2  
  16  0:49  Hatchery  
  15  0:52  Drone  
  15  0:55  Drone  
  17  0:59  Drone  
  18  1:10  Extractor  
  17  1:15  Spawning Pool  
  17  1:18  Drone  
  17  1:21  Drone  
  18  1:28  Drone  
  19  1:42  Drone  
  20  1:50  Hatchery  
  19  2:02  Queen  
  19  2:03  Zergling x2  
  19  2:05  Zergling x2  
  24  2:08  Zergling x2  
  24  2:15  Overlord  
  24  2:22  Queen  
  24  2:27  Drone  
  27  2:32  Spore Crawler  
  27  2:33  Drone  
  27  2:34  Drone  
  30  2:37  Drone  
  30  2:41  Drone  
  31  2:48  Metabolic Boost  
  31  2:53  Queen  
  33  2:59  Overlord  
  33  3:00  Drone  
  33  3:04  Drone  
  33  3:05  Drone  
  36  3:07  Drone  
  37  3:17  Queen  
  37  3:18  Drone  
  37  3:19  Drone  
  41  3:21  Drone  
  41  3:24  Drone  
  41  3:26  Drone  
  44  3:31  Drone  
  44  3:32  Drone x2  
  47  3:37  Queen  
  49  3:45  Drone  
  50  3:51  Overlord  
  50  4:04  Overlord  
  50  4:06  Overlord  
  50  4:10  Overlord  
  50  4:11  Drone x8  
  58  4:22  Extractor, Lair  
  58  4:23  Overlord, Baneling Nest  
  56  4:27  Zergling x8  
  56  4:29  Drone x2  
  62  4:32  Queen  
  62  4:37  Overlord  
  62  4:38  Drone  
  65  4:39  Drone  
  65  4:44  Zergling x8  
  70  4:46  Drone x2  
  70  4:47  Drone  
  70  4:52  Overlord  
  73  5:00  Drone, Spore Crawler  
  73  5:01  Drone, Spore Crawler  
  73  5:06  Spore Crawler  
  71  5:07  Baneling x4  
  71  5:08  Drone x3  
  71  5:12  Drone x4  
  71  5:13  Overlord  
  76  5:16  Drone  
  76  5:19  Baneling  
  76  5:20  Drone x2  
  79  5:23  Evolution Chamber x2  
  79  5:24  Drone  
  79  5:26  Centrifical Hooks  
  78  5:29  Drone  
  78  5:32  Zergling x6  
  78  5:35  Drone x3  
  84  5:40  Baneling  
  84  5:41  Overlord, Baneling  
  85  5:43  Zergling x6  
  85  5:46  Queen  
  85  5:47  Baneling x2  
  90  5:53  Zergling x2  
  90  5:54  Zergling x6  
  90  5:55  Queen  
  90  5:56  Zergling x2  
  88  6:01  Zergling x12  
  84  6:13  Zergling x8  
  84  6:17  Zerg Ground Armor Level 1  
  84  6:18  Drone x4  
  87  6:20  Drone  
  87  6:23  Queen  
  87  6:24  Extractor x2  
  87  6:27  Extractor  
  87  6:29  Overlord  
  87  6:31  Drone x2  
  88  6:33  Zerg Missile Weapons Level 1  
  88  6:34  Hatchery  
  87  6:40  Drone x2  
  87  6:42  Drone  
  87  6:43  Queen  
  87  6:45  Queen, Roach Warren  
  92  6:48  Extractor  
  92  6:50  Drone x2  
  92  6:52  Baneling x4  
  93  6:56  Overlord  
  93  6:57  Overseer  
  93  7:00  Drone x2  
  95  7:06  Overlord  
  93  7:25  Roach  
  93  7:26  Roach x10  
  114  7:30  Glial Reconstitution  
  114  7:34  Roach  
  114  7:36  Drone x2  
  116  7:37  Queen  
  116  7:40  Roach  
  116  7:43  Extractor  
  119  7:45  Roach  
  119  7:47  Extractor  
  119  7:48  Drone x3  
  123  7:53  Infestation Pit  
  123  7:55  Queen  
  123  7:58  Roach x5, Spore Crawler  
  133  8:01  Overlord  
  133  8:02  Hydralisk Den  
  133  8:05  Roach  
  134  8:06  Overseer  
  134  8:08  Overlord  
  134  8:11  Ravager, Overlord  
  135  8:19  Overlord  
  127  8:28  Roach x11  
  127  8:29  Roach  
  144  8:35  Overlord  
  144  8:36  Zerg Missile Weapons Level 2  
  144  8:37  Zerg Ground Armor Level 2  
  143  8:52  Overlord  
  143  8:53  Drone x6  
  146  8:56  Hive  
  146  9:00  Muscular Augments  
  146  9:03  Drone x5  
  146  9:05  Hatchery  
  150  9:10  Overlord  
  150  9:12  Hydralisk x3  
  150  9:13  Hydralisk x3  
  162  9:20  Hydralisk x3  
  162  9:23  Overlord  
  144  9:40  Hydralisk x5  
  144  9:41  Hydralisk  
  144  9:47  Roach x6  
  144  9:50  Roach x2  
  156  9:52  Pneumatized Carapace  
  156  9:54  Roach  
  156  9:58  Roach x3  
  162  10:03  Hydralisk  
  165  10:07  Ravager  
  165  10:11  Viper, Grooved Spines  
  168  10:15  Drone x3  
  168  10:17  Drone  
  168  10:19  Viper  
  175  10:24  Roach x6  
  175  10:26  Overseer  
  187  10:31  Drone x3  
  187  10:33  Overlord  
  188  10:35  Spore Crawler  
  188  10:36  Overseer x2, Extractor  
  182  10:48  Viper  
  185  10:54  Overlord  
  183  10:58  Hydralisk x7  
  194  11:10  Hatchery  
  189  11:11  Drone x3  
  189  11:12  Drone  
  189  11:14  Overseer x2  
  191  11:21  Drone x5  
  191  11:22  Hydralisk x3  
  191  11:23  Hydralisk  
  191  11:24  Unknown  
  198  11:26  Overlord  
  198  11:32  Queen  
  200  11:43  Spire  
  200  11:44  Zerg Missile Weapons Level 3  
  199  11:50  Drone x3, Spine Crawler x2  
  199  11:51  Drone, Spine Crawler  
  200  11:54  Spine Crawler  
  200  11:55  Spine Crawler  
  194  12:13  Drone x4  
  187  12:22  Drone x3  
  185  12:25  Drone x4  
  185  12:27  Extractor  
  188  12:37  Queen, Spire  
  188  12:39  Drone x3  
  190  13:03  Zerg Flyer Weapons Level 1  
  184  13:07  Corruptor x6  
  184  13:08  Corruptor x4  
  197  13:16  Corruptor x2  
  197  13:22  Overlord x2  
  197  13:23  Overlord  
  197  13:24  Overlord  
  197  13:25  Overseer x2  
  197  13:26  Zerg Ground Armor Level 3  
  197  13:39  Overlord  
  197  13:46  Hydralisk x3  
  199  13:54  Zerg Flyer Armor Level 1  
  199  14:07  Hatchery  
  196  14:12  Roach x2  
  200  14:22  Roach x6  
  190  14:25  Corruptor x6  
  190  14:26  Drone  
  190  14:29  Hydralisk x2  
  190  14:30  Hydralisk x4  
  190  14:31  Corruptor x6  
  178  14:39  Drone x5  
  178  14:41  Corruptor  
  178  14:43  Roach x5  
  192  14:46  Roach  
  192  14:48  Drone  
  189  14:57  Hydralisk x4  
  189  14:58  Roach x2  
  197  15:01  Drone x2  
  197  15:02  Drone  
  197  15:03  Drone x2  
  192  15:08  Greater Spire  
  192  15:10  Drone x3  
  192  15:13  Corruptor x2  
  195  15:19  Roach  
  195  15:33  Roach x6  
  185  15:47  Hydralisk x3  
  185  15:48  Hydralisk x3  
  197  15:54  Roach x3  
  198  15:58  Hydralisk x2  
  194  16:09  Drone x4  
  192  16:26  Hatchery  
  192  16:30  Hatchery  
  192  16:32  Brood Lord x7  
  194  16:50  Brood Lord x2  
  194  16:53  Brood Lord  
  198  16:54  Spore Crawler  
  198  16:55  Spore Crawler  
  198  16:56  Spore Crawler  
  193  17:11  Corruptor x3  
Tags
 
Add a new tag
Caveats
  • Supply blocks, unpowered buildings, or Contaminate may cause inaccurate times.
  • Supply counts are checked every 10 seconds.